 Dungeon Crawl Stone Soup version 0.32-a0-900-g30fb1b0edc (webtiles) character file.

Game seed: 12319961122660058794

1 601d51SH the Poker (level 1, 0/23 HPs)
             Began as a Gnoll Cinder Acolyte on Apr 5, 2024.
             Was a High Priest of Ignis.
             Slain by a ball python (3 damage)
             ... on level 1 of the Dungeon.
             The game lasted 00:00:10 (108 turns).

601d51SH the Poker (Gnoll Cinder Acolyte)            Turns: 108, Time: 00:00:11

Health: 0/23       AC:  2    Str: 13    XL:     1   Next: 20%
Magic:  4/4        EV:  0    Int: 13    God:    Ignis [*****.]
Gold:   0          SH:  0    Dex:  7    Spells: 5/5 levels left

rFire   + . .        a - -1 spear (flame)
rCold   . . .        (no shield)
rNeg    . . .        b - +0 robe
rPois   .            (no helmet)
rElec   .            (no cloak)
rCorr   .            (no gloves)
SInv    .            (no boots)
Will    .....        (no amulet)
Stlth   +            (no ring)
HPRegen 0.23/turn    (no ring)
MPRegen 0.09/turn

%: no passive effects
@: constricted
A: fangs 1, strong nose, distributed training
a: Renounce Religion, Fiery Armour, Foxfire Swarm, Rising Flame


You were on level 1 of the Dungeon.
You worshipped Ignis.
Ignis was extremely pleased with you.
You visited 1 branch of the dungeon, and saw 1 of its levels.

Inventory:

Hand Weapons
 a - a -1 spear of flaming (weapon)
Missiles
 c - 51 stones (quivered)
Armour
 b - a +0 robe (worn)


   Skills:
 + Level 6.4 Fighting
 + Level 0.0 Short Blades
 + Level 0.0 Long Blades
 + Level 0.0 Axes
 + Level 0.0 Maces & Flails
 + Level 6.4 Polearms
 + Level 0.0 Staves
 + Level 0.0 Ranged Weapons
 + Level 0.0 Throwing
 + Level 0.0 Armour
 + Level 0.0 Dodging
 + Level 0.0 Stealth
 + Level 0.0 Shields
 + Level 0.0 Unarmed Combat
 + Level 2.6 Spellcasting
 + Level 0.0 Conjurations
 + Level 0.0 Hexes
 + Level 0.0 Summonings
 + Level 0.0 Necromancy
 + Level 0.0 Translocations
 + Level 5.3 Fire Magic
 + Level 0.0 Ice Magic
 + Level 0.0 Air Magic
 + Level 0.0 Earth Magic
 + Level 0.0 Alchemy
 + Level 0.0 Invocations
 + Level 0.0 Evocations
 + Level 0.0 Shapeshifting


You had 5 spell levels left.
You didn't know any spells.
Your spell library contained the following spells:

 Spells                   Type           Power      Damage    Failure   Level
 Scorch                   Fire           30%        2d6       4%          2


Dungeon Overview and Level Annotations

Branches:
Dungeon (1/15)

Altars:


Innate Abilities, Weirdness & Mutations

You have very sharp teeth.
Your uncanny sense of smell can sniff out nearby items.
Your experience applies equally to all skills.


Message History

The rat squeaks loudly.
There is an open door here.
You reach to attack!
You hit the rat. You burn the rat.
You kill the rat!
No target in view!
No target in view!
You see here a rat corpse.
A rat comes into view.
The rat squeaks loudly.
A ball python comes into view. x2
You reach to attack!
The ball python hisses angrily. x2
You hit the rat but do no damage. You barely miss the rat.
Your bite misses the rat. The rat closely misses you.
You hit the rat but do no damage. The rat bites you.
You closely miss the rat. You closely miss the rat. Your bite misses the rat.
The rat bites you.
You closely miss the rat. The ball python closely misses you.
The ball python barely misses you. The rat closely misses you.
You barely miss the rat. The ball python barely misses you.
The ball python closely misses you. The rat bites you.
You hit the rat. You burn the rat.
The rat is severely wounded.
The ball python bites you. The ball python grabs you.
The ball python constricts you. The ball python bites you. The rat bites you.
You hit the rat. You burn the rat.
You kill the rat!
The ball python bites you. The ball python constricts you.
The ball python bites you but does no damage.
You barely miss the ball python. The ball python bites you.
The ball python constricts you. The ball python bites you.
You hit the ball python. You burn the ball python.
The ball python is severely wounded.
The ball python bites you.
* * * LOW HITPOINT WARNING * * *
The ball python constricts you.
* * * LOW HITPOINT WARNING * * *
The ball python bites you.
You die...
Ignis goes out, and joins you in death.

# .# #. #.# #.
##.# .# #.###..#
...##......#
......S#S#.#
#...@...#
##..#.#.# ∆ ∆
##.....# #####.#
#.# ∆ #.# #######
#.# ###.....###
#.#
##.........#####.#


You could see 2 ball pythons.

Vanquished Creatures
  2 rats (D:1)
2 creatures vanquished.

Notes
Turn   | Place    | Note
-------+----------+-------------------------------------------
     0 | D:1      | 601d51SH the Gnoll Cinder Acolyte began the quest for the
                  | Orb.
     0 | D:1      | Reached XP level 1. HP: 23/23 MP: 4/4
   108 | D:1      | Slain by a ball python

Illustrated notes

Levels and vault maps discovered:
D:1:      minmay_arrival_shattered_statue, layout_basic, serial_glass,
          glass_columns_a, glass_columns_c, shapermc_ecumenical_altar_petra

Action                     || total
---------------------------++-------
  Melee: Spear             ||    12
 Armour: Robe              ||    16
  Dodge: Dodged            ||     6

Table legend: (Time is in decaauts)
 A = Elapsed time spent in this place.
 B = Non-inter-level travel time spent in this place.
 C = Inter-level travel time spent in this place.
 D = Time resting spent in this place.
 E = Time spent auto-exploring this place.
 F = Levels seen in this place.
 G = Mean time per level.
                   A        B        C        D        E       F      G
               +--------+--------+--------+--------+--------+-----+--------+
         Total |    105 |    105 |      0 |      0 |     87 |   1 |  105.0 |
       Dungeon |    105 |    105 |      0 |      0 |     87 |   1 |  105.0 |
               +--------+--------+--------+--------+--------+-----+--------+

Top non-repeatable levels by time:
     D:1: 105 daAuts
